Map: Persephone LE

Players

bones

  • Race: Terran Terran
  • Spawn Location: 11:00

A.I. 1 (Very Easy)

  • Race: Zerg Zerg
  • Spawn Location: 7:00

VOD

Have the link to the VOD?

Description

Time

  • Played on: Aug. 9, 2025, 5:50 p.m.
  • Length: 7:49
Show
View Real Time Build Order
Export as new Build Order

bones Terran 

Build Orders: Liberator Opening, Reaper Expand 

Get SALT Encoding   

  12  0:00  SCV  
  13  0:12  SCV  
  14  0:17  Supply Depot  
  14  0:24  SCV  
  15  0:39  SCV  
  15  0:41  Barracks  
  16  0:48  Refinery  
  16  0:51  SCV  
  17  1:03  SCV  
  18  1:15  SCV  
  19  1:28  Orbital Command  
  19  1:34  Reaper  
  19  1:38  Command Center  
  20  1:50  Supply Depot  
  20  1:57  SCV  
  21  2:07  Marine  
  22  2:10  Factory  
  22  2:14  SCV  
  23  2:26  SCV  
  23  2:28  Barracks Reactor  
  24  2:37  Refinery  
  24  2:38  SCV  
  25  2:49  Orbital Command  
  25  2:51  SCV  
  26  3:04  Starport  
  27  3:12  SCV  
  27  3:18  SCV, Barracks Tech Lab  
  28  3:22  Hellion x2  
  28  3:24  SCV  
  33  3:30  SCV  
  34  3:37  SCV  
  34  3:39  Stimpack  
  34  3:40  Marine  
  36  3:42  SCV  
  36  3:43  Hellion x2  
  41  3:50  SCV  
  41  3:54  Liberator  
  41  3:55  SCV  
  46  3:58  Supply Depot  
  46  4:17  Command Center  
  46  4:19  SCV x2  
  46  4:20  Hellion x2  
  46  4:21  Supply Depot  
  46  4:23  Refinery  
  52  4:25  Refinery  
  52  4:26  Marine  
  53  4:32  SCV  
  54  4:40  Barracks  
  54  4:41  Starport Reactor, Barracks  
  54  4:42  SCV  
  54  4:44  SCV  
  56  4:54  SCV  
  56  4:56  SCV  
  56  4:57  Factory Tech Lab  
  58  5:07  SCV  
  58  5:08  Supply Depot, SCV  
  59  5:17  Siege Tank  
  62  5:29  Marine, SCV x2  
  62  5:31  Supply Depot  
  65  5:36  Starport Reactor  
  65  5:37  Orbital Command  
  65  5:41  SCV x2  
  67  5:44  Marine x2  
  67  5:45  Supply Depot  
  67  5:46  Marine  
  67  5:48  Marine x2  
  72  5:50  Siege Tank  
  72  5:53  SCV x2  
  72  5:54  Supply Depot  
  77  6:02  Marine  
  78  6:04  Engineering Bay  
  78  6:05  Engineering Bay  
  78  6:06  SCV x2  
  78  6:09  Orbital Command  
  80  6:14  Medivac x2  
  80  6:17  Combat Shield  
  85  6:18  SCV x2, Marine x2  
  85  6:19  Marine x2  
  85  6:20  Marine  
  91  6:30  SCV x2, Siege Tank  
  96  6:36  Marine, SCV  
  98  6:42  SCV  
  98  6:43  SCV  
  100  6:48  Marine  
  100  6:49  Marine x3  
  104  6:54  Marine  
  104  6:57  Supply Depot  
  104  6:59  Supply Depot  
  105  7:04  Barracks  
  105  7:05  Barracks  
  105  7:06  Marine x3  
  105  7:07  Armory  
  108  7:16  SCV  
  108  7:19  SCV  
  108  7:22  Supply Depot, Marine x2  
  113  7:23  Supply Depot  
  113  7:24  Marine x3  
  113  7:28  SCV  
  117  7:31  SCV  
  124  7:47  Starport Reactor  
Show
View Real Time Build Order
Export as new Build Order

A.I. 1 (Very Easy) Zerg 

Build Orders: Hatch First 

Get SALT Encoding   

  12  0:01  Drone  
  13  0:12  Overlord  
  13  0:16  Drone  
  14  0:42  Hatchery  
  13  0:43  Drone  
  14  0:59  Spawning Pool  
  14  1:02  Drone  
  14  1:05  Extractor  
  14  1:09  Drone  
  14  1:16  Overlord  
  15  1:47  Zergling x2  
  15  1:48  Queen  
  15  1:49  Zergling x2  
  18  1:56  Roach Warren  
  18  1:59  Drone  
  18  2:04  Extractor  
  18  2:08  Drone  
  18  2:13  Zergling x2  
  19  2:18  Drone  
  20  2:25  Drone  
  21  2:33  Drone  
  22  2:40  Drone  
  23  2:47  Drone  
  24  2:52  Lair  
  24  2:56  Drone  
  25  3:23  Drone  
  26  3:30  Drone  
  27  3:36  Overlord  
  27  3:37  Drone  
  28  3:44  Drone  
  29  3:50  Spire  
  29  3:51  Drone  
  29  3:57  Overseer  
  29  3:58  Drone  
  30  4:04  Overseer  
  30  4:06  Drone  
  31  4:13  Drone  
  32  4:20  Drone  
  32  4:21  Overlord  
  33  4:27  Drone  
  34  4:34  Drone  
  35  4:41  Drone, Extractor  
  35  4:47  Extractor  
  35  4:49  Drone  
  35  4:56  Drone  
  36  5:03  Mutalisk, Drone  
  39  5:10  Drone  
  40  5:17  Drone  
  41  5:24  Drone  
  42  5:32  Drone  
  42  5:33  Overlord  
  43  5:39  Drone  
  43  5:41  Overseer  
  44  5:51  Overlord  
  44  5:52  Mutalisk, Drone  
  47  5:59  Drone  
  48  6:06  Drone  
Tags
 
Add a new tag
Caveats
  • Supply blocks, unpowered buildings, or Contaminate may cause inaccurate times.
  • Supply counts are checked every 10 seconds.